 Dungeon Crawl Stone Soup version 0.17.1-1-g73c8601 (webtiles) character file.

7413 Rationalist the Fighter (level 10, -13/127 HPs)
             Began as a Demonspawn Berserker on Dec 21, 2015.
             Was a High Priest of Trog.
             Mangled by an 11-headed hydra (14 damage)
             ... on level 2 of the Lair of Beasts.
             The game lasted 00:20:56 (9355 turns).

Rationalist the Fighter (Demonspawn Berserker)      Turns: 9355, Time: 00:20:57

Health: -13/127    AC:  7    Str: 23    XL:     10   Next: 92%
Magic:  10/10      EV: 19    Int:  9    God:    Trog [*****.]
Gold:   655        SH:  0    Dex: 19    Spells: 0 memorised, 9 levels left

rFire  . . .     SeeInvis .     G - +7 war axe of Silinil {venom, Dex+4}
rCold  . . .     Clarity  .     H - +2 robe {MR+}
rNeg   . . .     SustAt   .     (no shield)
rPois  +         Gourm    .     (helmet restricted)
rElec  .         Spirit   .     s - +2 cloak {rPois}
rCorr  .         Warding  .     (no gloves)
rMut   .         Stasis   .     (no boots)
MR     +....                    I - amulet of regeneration
Stlth  ..........               (no ring)
                                (no ring)

@: berserking, very quick, somewhat resistant to hostile enchantments, extremely
unstealthy
A: antennae 1, demonic guardian 2, powered by death 3
a: Berserk, Trog's Hand, Brothers in Arms, Burn Spellbooks, Renounce Religion


You were on level 2 of the Lair of Beasts.
You worshipped Trog.
Trog was extremely pleased with you.
You were hungry.

You visited 2 branches of the dungeon, and saw 11 of its levels.
You also visited: Sewer and Ossuary.

You collected 655 gold pieces.

Inventory:

Hand Weapons
 a - a +0 antimagic hand axe
 v - a +1 hand axe of freezing
 G - the +7 war axe of Silinil (weapon) {venom, Dex+4}
   (You found it on level 6 of the Dungeon)

   It poisons the flesh of those it strikes.
   It affects your dexterity (+4).
Missiles
 g - 94 bolts
 h - 81 sling bullets
 F - 11 bolts of penetration
 P - 5 bolts of flame
Armour
 s - a +2 cloak of poison resistance (worn)
 D - a +0 leather armour of fire resistance
 H - a +2 robe of magic resistance (worn)
Jewellery
 x - an uncursed amulet of stasis
 I - an amulet of regeneration (around neck)
Wands
 k - a wand of slowing (37)
 E - a wand of fire (9)
 O - a wand of polymorph (12)
 R - a wand of lightning (5)
 W - a wand of polymorph (3)
Scrolls
 d - 3 scrolls of enchant weapon
 e - 3 scrolls of fog
 f - 5 scrolls of blinking {unknown}
 n - a scroll of immolation {unknown}
 o - 5 scrolls of enchant armour
 q - a scroll of teleportation {unknown}
 t - a scroll of amnesia {unknown}
 y - a scroll of recharging {unknown}
 z - 3 scrolls of magic mapping
 M - 3 scrolls of acquirement {unknown}
 Q - 2 scrolls of noise {unknown}
 S - a scroll of fear {unknown}
 T - a scroll of summoning {unknown}
 U - a scroll of vulnerability {unknown}
 V - a scroll of remove curse
Potions
 i - 4 potions of agility
 j - a potion of cancellation
 l - a potion of lignification
 m - 2 potions of magic
 p - 3 potions of flight
 r - a potion of mutation {unknown}
 A - a potion of haste {unknown}
 C - 5 potions of curing
 J - 2 potions of ambrosia
 K - a potion of invisibility
 L - 3 potions of might
Books
 N - a Young Poisoner's Handbook

   Spells                             Type                      Level
   a - Sting                          Conjuration/Poison           1
   b - Cure Poison                    Poison                       2
   c - Mephitic Cloud                 Conjuration/Poison/Air       3
   d - Olgreb's Toxic Radiance        Poison                       4
   e - Venom Bolt                     Conjuration/Poison           5
   Trog disapproves of the use of such an item.
Comestibles
 b - 2 royal jellies
 c - 12 bread rations
 u - 7 fruits
 w - 2 beef jerkies
 B - 4 meat rations


   Skills:
 * Level 9.9 Fighting
 + Level 8.0 Axes
 + Level 5.5 Armour
 + Level 8.2 Dodging
 + Level 4.4 Stealth


You had 9 spell levels left.
You didn't know any spells.

Dungeon Overview and Level Annotations

Branches:
Dungeon (9/15)             Temple (0/1) D:4            Lair (2/8) D:9
    Orc: D:9-12

Altars:
Ashenzari
Cheibriados
Elyvilon
Fedhas
Okawaru
Qazlal
Ru
Vehumet
Xom
Yredelemnul
The Shining One

Shops:
D:8 }

Annotations:
D:2 exclusion: oklob plant


Innate Abilities, Weirdness & Mutations

You have a pair of small antennae on your head.
A demonic guardian rushes to your aid.
You regenerate a lot of health from kills.


Message History

The ten-headed hydra bites you but does no damage.
The ten-headed hydra misses you. x2
The ten-headed hydra bites you!
* * * LOW HITPOINT WARNING * * *
The ten-headed hydra closely misses you.
The ten-headed hydra bites you.
* * * LOW HITPOINT WARNING * * *
The ten-headed hydra misses you. The ten-headed hydra bites you!
* * * LOW HITPOINT WARNING * * *
The ten-headed hydra bites you but does no damage.
The ten-headed hydra bites you!
* * * LOW HITPOINT WARNING * * *
You are too berserk!
You are too berserk!
You slice one of the ten-headed hydra's heads off!
The nine-headed hydra grows two more!
You slice the 11-headed hydra!!
The 11-headed hydra is severely wounded.
The 11-headed hydra barely misses you. The 11-headed hydra misses you.
The 11-headed hydra bites you!
You die...

[)# #...........#
... ##...........##
...............>..P#
..................##
.................##
.######.#..####...#
##...# #..## ##..#
#..## P.. #@..# ##..
##D..# #.. #...##
#...# ...P..P^.#
.........#
#........#
#...##...# #..#
#...#


You could see a 11-headed hydra.

Vanquished Creatures
  Joseph (D:8)
  A fire drake (D:9)
  A spiny frog (Lair:1)
  A troll (D:9)
  Prince Ribbit (D:7)
  3 yaks (Lair:1)
  A hippogriff (Lair:1)
  2 water moccasins (Lair:1)
  An ice beast (D:5)
  A necrophage (D:7)
  A sky beast (D:7)
  2 ogres
  2 orc warriors
  A black bear (D:8)
  A centaur (D:5)
  5 big kobolds (Sewer)
  2 crocodiles
  Dowan (D:7)
  3 giant frogs
  A scorpion (D:6)
  A water moccasin skeleton (D:8)
  6 wights
  2 giant frog zombies (D:5)
  2 quasits
  2 centaur skeletons
  A jelly (D:8)
  An orc priest (D:6)
  3 iguanas
  6 orc wizards
  2 giant frog skeletons
  6 worker ants
  A killer bee zombie (D:6)
  2 hound skeletons
  8 mummies (Ossuary)
  8 gnolls
  16 adders
  26 river rats
  A shadow imp (D:5)
  2 oozes (Sewer)
  3 adder skeletons
  9 worms
  4 giant geckos
  16 orcs
  5 ball pythons (Sewer)
  10 bats
  2 gnoll zombies (D:4)
  3 hobgoblins
  2 jackals (D:2)
  12 kobolds
  4 quokkas
  11 giant cockroaches
  A giant gecko skeleton (D:4)
  6 giant newts
  8 goblins
  2 hobgoblin zombies (Ossuary)
  4 kobold zombies (Ossuary)
  2 orc zombies (Ossuary)
  A quokka zombie (D:5)
  9 rats
  A fungus (Lair:1)
243 creatures vanquished.

Vanquished Creatures (collateral kills)
  A black mamba (Lair:1)
  A komodo dragon (Lair:1)
  2 trolls (D:9)
  6 yaks (Lair:1)
  An orc warrior (D:7)
  A porcupine (Lair:1)
  A water moccasin (Lair:1)
  An ice beast (D:6)
  Duvessa (D:7)
  A centaur (D:7)
  An ogre (D:7)
  The ghost of antares the Shooter, an amateur HEHu of Ru (Sewer)
  2 giant frogs (D:7)
  A big kobold (Sewer)
  2 wights (D:5)
  An orc priest (D:7)
  An orc wizard (D:4)
  A hound zombie (D:7)
  2 gnolls (D:5)
  An ooze (Sewer)
  4 orcs
  A giant gecko skeleton (D:4)
  A quokka (D:7)
35 creatures vanquished.

Vanquished Creatures (others)
  2 plants (D:2)
  17 toadstools (D:2)
19 creatures vanquished.

Grand Total: 297 creatures vanquished

Notes
Turn   | Place    | Note
--------------------------------------------------------------
     0 | D:1      | Rationalist the Demonspawn Berserker began the quest for the Orb.
     0 | D:1      | Reached XP level 1. HP: 18/18 MP: 1/1
   248 | D:1      | Gained mutation: You regenerate a little health from kills. [demonic ancestry]
   248 | D:1      | Reached XP level 2. HP: 5/24 MP: 2/2
  1238 | D:2      | Gained mutation: You regenerate health from kills. [demonic ancestry]
  1238 | D:2      | Reached XP level 3. HP: 29/29 MP: 3/3
  1415 | D:2      | Reached ** piety under Trog
  1540 | D:2      | Reached XP level 4. HP: 18/35 MP: 4/4
  1681 | D:2      | Found a white marble altar of Elyvilon.
  1996 | D:2      | Found a sacrificial altar of Ru.
  2046 | D:2      | Found a blossoming altar of Fedhas.
  2064 | D:2      | Noticed an oklob plant
  2375 | D:3      | Gained mutation: A weak demonic guardian rushes to your aid. [demonic ancestry]
  2375 | D:3      | Reached XP level 5. HP: 42/42 MP: 5/5
  2492 | D:3      | Reached skill level 4 in Fighting
  2652 | D:3      | Found a stormy altar of Qazlal.
  2655 | D:3      | Found an iron altar of Okawaru.
  2657 | D:3      | Found a snail-covered altar of Cheibriados.
  2734 | D:3      | You fall through a shaft!
  3138 | D:4      | Found a staircase to the Ecumenical Temple.
  3176 | D:4      | Reached *** piety under Trog
  3207 | D:4      | Found a glowing golden altar of the Shining One.
  3308 | D:4      | Gained mutation: You regenerate a lot of health from kills. [demonic ancestry]
  3308 | D:4      | Reached XP level 6. HP: 48/48 MP: 6/6
  3379 | D:4      | Found a basalt altar of Yredelemnul.
  3716 | D:3      | Found a shattered altar of Ashenzari.
  3868 | D:5      | Entered Level 5 of the Dungeon
  4009 | D:5      | Reached skill level 1 in Stealth
  4051 | D:5      | Gained mutation: You have a pair of small antennae on your head. [demonic ancestry]
  4051 | D:5      | Reached XP level 7. HP: 50/55 MP: 7/7
  4454 | D:5      | Reached skill level 5 in Fighting
  4483 | D:6      | Found a glowing drain.
  4523 | Sewer    | Entered a sewer
  4527 | Sewer    | Noticed antares's ghost (amateur HEHu)
  4541 | Sewer    | Killed antares's ghost
  4839 | Sewer    | Reached skill level 5 in Dodging
  4839 | Sewer    | Reached XP level 8. HP: 47/63 MP: 8/8
  5015 | Sewer    | Reached **** piety under Trog
  5286 | Sewer    | Reached skill level 5 in Axes
  5729 | D:6      | Got a twisted war axe
  5730 | D:6      | Identified the +7 war axe of Silinil {venom, Dex+4} (You found it on level 6 of the Dungeon)
  5858 | D:6      | Reached skill level 6 in Fighting
  6240 | D:7      | Reached skill level 5 in Armour
  6344 | D:7      | Noticed Prince Ribbit
  6357 | D:7      | Killed Prince Ribbit
  6357 | D:7      | Reached XP level 9. HP: 54/71 MP: 9/9
  6431 | D:7      | Noticed Dowan
  6433 | D:7      | Noticed Duvessa
  6441 | D:7      | Killed Duvessa
  6451 | D:7      | Killed Dowan
  6693 | D:7      | Reached skill level 7 in Fighting
  6785 | D:7      | Found a sand-covered staircase.
  6790 | Ossuary  | Entered an ossuary
  6817 | Ossuary  | Gained mutation: You are frail (-10% HP). [mutagenic meat]
  6818 | Ossuary  | Lost mutation: You are frail (-10% HP). [mutagenic meat]
  7295 | D:8      | Found a shimmering altar of Xom.
  7404 | D:8      | Found a radiant altar of Vehumet.
  7589 | D:8      | Reached skill level 8 in Fighting
  7754 | D:8      | Noticed Joseph
  7764 | D:8      | Killed Joseph
  7979 | D:8      | Gained mutation: A demonic guardian rushes to your aid. [demonic ancestry]
  7979 | D:8      | Reached XP level 10. HP: 74/80 MP: 10/10
  8078 | D:8      | Found Zyoday's Gadget Emporium.
  8454 | D:9      | Found a staircase to the Lair.
  8473 | Lair:1   | Entered Level 1 of the Lair of Beasts
  8537 | Lair:1   | Reached skill level 9 in Fighting
  8601 | Lair:1   | Reached ***** piety under Trog
  8820 | Lair:1   | Noticed a black mamba
  8828 | Lair:1   | Killed a black mamba
  9338 | Lair:2   | Noticed a seven-headed hydra
  9354 | Lair:2   | HP: 1/127 [ten-headed hydra (10)]
  9355 | Lair:2   | Mangled by an 11-headed hydra

Action                   |  1- 3 |  4- 6 |  7- 9 | 10-12 || total
-------------------------+-------+-------+-------+-------++-------
Melee: Hand axe          |   135 |   389 |   514 |       ||  1038
       War axe           |       |       |   147 |   102 ||   249
Invok: Berserk           |       |     2 |       |     1 ||     3
       Brothers in Arms  |       |       |     1 |       ||     1
       Burn Spellbooks   |       |       |       |     1 ||     1
  Use: Scroll            |       |     4 |     8 |     4 ||    16
 Stab: Sleeping          |     1 |       |     3 |    10 ||    14
       Distracted        |       |       |     2 |     1 ||     3
  Eat: Chunk             |     2 |    11 |    16 |     4 ||    33
       Pizza             |       |       |       |     1 ||     1
